 Dungeon Crawl Stone Soup version 0.28-b1-25-g9875b3fc8c (webtiles) character file.

Game seed: 10752540304441713814

169939 onemoretime the Eclecticist (level 18, -4/136 HPs)
             Began as a Djinni Conjurer on Jan 31, 2022.
             Was the Champion of Makhleb.
             Slain by a 27-headed hydra skeleton (5 damage)
             ... on level 4 of the Swamp.
             The game lasted 02:43:01 (30495 turns).

onemoretime the Eclecticist (Djinni Conjurer)      Turns: 30495, Time: 02:43:02

Health: -4/136     AC: 17    Str:  6    XL:     18   Next: 61%
Gold:   1589       EV: 12    Int: 32    God:    Makhleb [******] SH: 13 Dex: 14

rFire   + + +      SeeInvis .   a - +7 demon trident (elec)
rCold   . . .      Faith    .   U - +2 kite shield
rNeg    + + .      Spirit   .   N - +3 troll leather armour
rPois   ∞          Reflect  .   r - +1 helmet
rElec   .          Harm     .   Q - +1 cloak {Stlth+}
rCorr   .          Rampage  .   C - +2 pair of gloves
Will    +....                   (boots unavailable)
Stlth   +++.......              w - amulet of regeneration
HPRegen 1.92/turn               G - ring of Pihiar {rPois rF+ rN+ Will- Int+6}
MPRegen 0.00/turn               E - ring "Roinn" {rC+ rN+ Will+}

@: about to teleport, grasped by roots, flying, constricted
A: sickness immunity, fire resistance 2, cold vulnerability 1, float, innate
caster, HP casting, extra vitality 1
a: Renounce Religion, Minor Destruction, Lesser Servant of Makhleb, Major
Destruction, Greater Servant of Makhleb


You were on level 4 of the Swamp.
You worshipped Makhleb.
Makhleb was exalted by your worship.
You visited 4 branches of the dungeon, and saw 27 of its levels.
You also visited: Ossuary and Volcano.

You collected 3235 gold pieces.
You spent 1646 gold pieces at shops.


Innate Abilities, Weirdness & Mutations

You are immune to sickness and miasma.
You are immune to poison.
Your flesh is very heat resistant. (rF++)
You are vulnerable to cold. (rC-)
You float through the air rather than walking.
You learn spells naturally, not from books.
Your magical power is your life essence.
You have superior vitality. (+4 MHP)


   Skills:
 + Level 14.6 Fighting
 - Level 6.0 Polearms
 - Level 11.0 Armour
 + Level 11.7 Dodging
 - Level 1.5 Stealth
 + Level 8.7 Shields
 * Level 15.0 Spellcasting
 - Level 8.2 Invocations
 - Level 9.0 Evocations


You had 3 spell levels left.
You knew the following spells:

 Your Spells              Type           Power      Damage    Failure   Level
a - Magic Dart            Conj           100%       1d8       0%          1
b - Searing Ray           Conj           100%       2d8       1%          2
c - Call Canine Familiar  Summ           88%        N/A       1%          3
d - Dazzling Flash        Conj/Hex       100%       N/A       1%          3
e - Fulminant Prism       Conj/Hex       44%        3d20      1%          4
f - Yara's Violent Unrav  Hex/Tmut       44%        3d17      1%          5
n - Spider Form           Tmut/Pois      88%        N/A       1%          3
q - Anguish               Hex/Necr       44%        N/A       1%          4
s - Simulacrum            Ice/Necr       44%        N/A       1%          6
z - Sandblast             Erth           100%       2d20      0%          1
X - Iskenderun's Mystic   Conj/Tloc      88%        2d17      1%          4
Y - Call Imp              Summ           88%        N/A       1%          2
Z - Eringya's Noxious Bo  Tmut/Pois      44%        N/A       1%          6
Your spell library was empty.

Inventory:

Hand Weapons
 a - a +7 demon trident of electrocution (weapon)
 b - the +8 spear of the Insatiable Beasts {vorpal, rPois Str+4}
   (You found it on level 2 of the Dungeon)

   It inflicts extra damage upon your enemies.
   Str:       It affects your strength (+4).
   rPois:     It protects you from poison.
Missiles
 V - a curare-tipped dart (quivered) {=f}
Armour
 r - a +1 helmet (worn)
 C - a +2 pair of gloves (worn)
 N - a +3 troll leather armour (worn)
 Q - a +1 cloak of stealth (worn)
 U - a +2 kite shield (worn)
Jewellery
 g - the ring "Leudicom" {rN+ Int+6}
   (You found it on level 10 of the Dungeon)

   [ring of intelligence]

   Int:       It affects your intelligence (+6).
   rN:        It protects you from negative energy.
 v - a ring of see invisible
 w - an amulet of regeneration (around neck)
 B - an amulet of reflection
 E - the ring "Roinn" (right hand) {rC+ rN+ Will+}
   (You took it off a centaur warrior on level 15 of the Dungeon)

   [ring of protection from cold]

   rC:        It protects you from cold.
   rN:        It protects you from negative energy.
   Will:      It increases your willpower.
 G - the ring of Pihiar (left hand) {rPois rF+ rN+ Will- Int+6}
   (You took it off a skeletal warrior on level 15 of the Dungeon)

   [ring of intelligence]

   Int:       It affects your intelligence (+6).
   rF:        It protects you from fire.
   rPois:     It protects you from poison.
   rN:        It protects you from negative energy.
   Will:      It decreases your willpower.
 L - the ring of Benevolence {rF+ Will+ rCorr Str-5}
   (You found it on level 15 of the Dungeon)

   [ring of protection from fire]

   Str:       It affects your strength (-5).
   rF:        It protects you from fire.
   rCorr:     It protects you from acid and corrosion.
   Will:      It increases your willpower.
 T - the ring of Enaigur {rC- rCorr Dex+7}
   (You found it on level 6 of the Dungeon)

   [ring of resist corrosion]

   Dex:       It affects your dexterity (+7).
   rC:        It makes you vulnerable to cold.
   rCorr:     It protects you from acid and corrosion.
 Y - a +4 ring of slaying
Wands
 j - a wand of iceblast (27)
 m - a wand of flame (109)
 n - a wand of charming (5)
 p - a wand of paralysis (10)
 y - a wand of polymorph (36)
 I - a wand of digging (12)
Scrolls
 d - a scroll of holy word
 e - 4 scrolls of magic mapping
 f - 4 scrolls of teleportation {@r2}
 o - 3 scrolls of vulnerability
 t - a scroll of silence {!r}
 u - 2 scrolls of blinking
 z - 5 scrolls of identify {@r1}
 F - 2 scrolls of enchant armour
 H - 3 scrolls of fog
 O - a scroll of immolation
 P - 3 scrolls of fear
Potions
 c - 4 potions of ambrosia
 h - a potion of berserk rage {!q}
 i - 3 potions of lignification
 k - 5 potions of cancellation
 l - 9 potions of curing {@q1}
 q - 3 potions of might
 s - 9 potions of brilliance
 A - 6 potions of mutation
 K - 5 potions of resistance
 M - 2 potions of haste {@q3}
 R - 2 potions of heal wounds {@q2}
 S - a potion of invisibility
Miscellaneous
 x - a phantom mirror
 D - a condenser vane (inert)
 J - a phial of floods

Dungeon Overview and Level Annotations

Branches:
Dungeon (15/15)            Temple (0/1) D:6            Lair (6/6) D:8
  Swamp (4/4) Lair:2        Snake (0/4) Lair:2        Slime (0/5) Lair:5
    Orc (2/2) D:12            Elf (0/3) Orc:2        Vaults (0/5) D:14
 Depths (0/4) D:15        Ossuary (visited)         Volcano (visited)

Altars:
Ashenzari
Cheibriados
Dithmenos
Elyvilon
Fedhas
Hepliaklqana
Makhleb
Nemelex Xobeh
Okawaru
Ru
Sif Muna
Trog
Vehumet
Wu Jian
Xom
Zin
The Shining One
Jiyva

Shops:
D:4 !   D:9 ?=   D:15 [![   Orc:2 ?!::

Portals:
Trove: D:13 (show slimy rune of Zot)

Annotations:
Swamp:1 2 transporters, snackwell's ghost, journeyman TrHu

..♣#.#≈≈≈..♣ ♣≈≈≈
.≈.≈≈≈§§§. ▒▒♣ ♣♣≈≈≈
♣≈..§§§§§ ♣#.♣ ♣..≈≈
♣..≈§§§§# ##.≈♣♣♣♣≈≈§
#.≈§§f§ ♣♣....≈♣≈≈≈.
#§§§§ ♣≈...≈♣≈.≈≈. ♣#Zf♣
#≈♣.(≈♣♣.≈≈≈ ..≈♣##ZZ.♣
#♣♣♣♣...≈♣♣..
≈..≈≈..@.♣♣♣.♣♣.≈≈≈≈.♣.≈
♣...§...≈[≈[..))[≈≈≈.)≈≈
...≈.≈♣♣≈≈.....≈.≈....≈≈
≈≈.≈.. ♣♣.§♣♣§≈♣♣♣♣♣♣...
.≈.≈. ♣♣≈♣♣♣♣♣ ♣♣....≈


P♣PPP ≈P. ♣.≈.... ♣PPP ...♣♣ ♣♣≈≈♣♣♣ ..≈. ≈≈♣♣♣ ♣♣♣♣ [.. You could see a thorn
hunter (ally target), a shambling mangrove, a 27-headed hydra skeleton (strong)
and 2 friendly swamp dragon simulacra.


Message History

The 27-headed hydra skeleton bites you but does no damage.
The 27-headed hydra skeleton closely misses you.
The 27-headed hydra skeleton bites you but does no damage. x3
The 27-headed hydra skeleton bites you.
* * * LOW HITPOINT WARNING * * *
The 27-headed hydra skeleton bites you!
* * * LOW HITPOINT WARNING * * *
The 27-headed hydra skeleton barely misses you.
The 27-headed hydra skeleton bites you.
* * * LOW HITPOINT WARNING * * *
The 27-headed hydra skeleton bites you!
* * * LOW HITPOINT WARNING * * *
The 27-headed hydra skeleton bites you.
* * * LOW HITPOINT WARNING * * *
The 27-headed hydra skeleton bites you.
* * * LOW HITPOINT WARNING * * *
The 27-headed hydra skeleton bites you but does no damage.
The 27-headed hydra skeleton bites you!
* * * LOW HITPOINT WARNING * * *
You block the 27-headed hydra skeleton's attack.
The 27-headed hydra skeleton bites you.
* * * LOW HITPOINT WARNING * * *
The 27-headed hydra skeleton bites you.
* * * LOW HITPOINT WARNING * * *
The 27-headed hydra skeleton bites you but does no damage.
The 27-headed hydra skeleton bites you!
* * * LOW HITPOINT WARNING * * *
The 27-headed hydra skeleton bites you but does no damage.
The 27-headed hydra skeleton bites you.
You die...

Skill      XL: |  1  2  3  4  5  6  7  8  9 10 11 12 13 14 15 16 17 18 |
---------------+-------------------------------------------------------+-----
Fighting       | 1 2 3 4 6 7 8 9 10 11 12 13 14 | 14.6
Spellcasting   | 4 5 6 7 8 9 10 11 12 13 14 15 | 15.0
Armour         | 2 4 6 8 9 10 11 | 11.0
Polearms       | 1 2 5 6 |  6.0
Invocations    | 2 4 5 6 7 8 |  8.2
Evocations     | 2 5 6 8 9 |  9.0
Dodging        | 5 7 9 10 11 | 11.7
Shields        | 3 7 8 |  8.7
Stealth        | |  1.5

Action                   |  1- 3 |  4- 6 |  7- 9 | 10-12 | 13-15 | 16-18 || total
-------------------------+-------+-------+-------+-------+-------+-------++-------
Melee: Spear             |       |    44 |    36 |   215 |   198 |   125 ||   618
       Punch             |       |       |       |     3 |       |       ||     3
       Demon trident     |       |       |       |       |       |   446 ||   446
Throw: Dart              |       |       |       |     2 |     5 |     4 ||    11
 Cast: Magic Dart        |    54 |    14 |    23 |    10 |    12 |     9 ||   122
       Searing Ray       |     6 |     8 |    21 |    15 |    47 |    35 ||   132
       Fulminant Prism   |       |     4 |    34 |    64 |   127 |   174 ||   403
       Call Imp          |       |     2 |       |       |     4 |    29 ||    35
       Call Canine Famil |       |       |     2 |    45 |    55 |    68 ||   170
       Anguish           |       |       |       |     9 |    46 |    14 ||    69
       Yara's Violent Un |       |       |       |       |     4 |     4 ||     8
       Dazzling Flash    |       |       |       |       |     3 |       ||     3
       Simulacrum        |       |       |       |       |     5 |    49 ||    54
       Iskenderun's Myst |       |       |       |       |     2 |     1 ||     3
       Eringya's Noxious |       |       |       |       |       |    70 ||    70
Invok: Lesser Servant of |       |       |       |       |     5 |       ||     5
Evoke: Wand              |       |     2 |     5 |     1 |    19 |     7 ||    34
       Phantom mirror    |       |       |       |       |     1 |       ||     1
       Condenser vane    |       |       |       |       |       |     1 ||     1
  Use: Scroll            |       |     1 |     7 |    12 |    15 |    12 ||    47
       Potion            |       |       |     1 |     1 |     6 |     4 ||    12
 Stab: Sleeping          |       |     1 |     1 |       |       |     4 ||     6
       Paralysed         |       |       |     7 |       |       |     4 ||    11
       Distracted        |       |       |       |     4 |     3 |     5 ||    12
       Invisible         |       |       |       |       |     1 |       ||     1
Armor: Robe              |       |     2 |     3 |       |       |       ||     5
       Leather armour    |       |       |     2 |     8 |       |       ||    10
       Acid dragon scale |       |       |       |    58 |    81 |       ||   139
       Troll leather arm |       |       |       |       |    47 |   350 ||   397
       Skin              |       |       |       |       |     2 |       ||     2
Dodge: Dodged            |       |    17 |    23 |   117 |   268 |   416 ||   841
Block: Kite shield       |       |       |       |       |    21 |   477 ||   498

Levels and vault maps discovered:
D:1:      lemuel_arrival_behind_the_door_small, layout_basic
D:2:      layout_rooms, basic_altar
D:3:      layout_loops_corners, pdpol_wu_jian_five_deadly_venoms,
          nicolae_overflow_ecumenical_swirl, fedhas_altar_fruit_tree,
          shapermc_ecumenical_altar_rom_forum
D:4:      layout_rooms, lemuel_coloured_pillars_altar, elyvilon_altar_3,
          serial_shops, nicolae_lakefront_shop, uniq_grinder
D:5:      layout_loops_ring, mainiacjoe_overflow_surrounded_room,
          uniq_crazy_yiuf_cottage, uniq_duvessa
D:6:      layout_rooms, grunt_temple_overflow_order_and_chaos_1,
          makhleb_altar_promises_db, gammafunk_temple_overflow_arena,
          tso_oasis_becter, minmay_temple_entry_grid
D:7:      layout_rooms, mainiacjoe_overflow_six_doors_small, enter_ossuary_5
D:8:      layout_basic, grunt_dithmenos_smoke, lair_entry_dummy
D:9:      layout_basic, gammafunk_ghost_wrathful_warriors, serial_shops,
          nicolae_stop_n_shop_1, shop
D:10:     layout_irregular_city, vehumet_altar_wand_db,
          nicolae_ru_path_of_blood, gammafunk_ghost_stat_death
D:11:     layout_irregular_city, uniq_erolcha, uniq_josephine
D:12:     kennysheep_blocky_hall, layout_stronghold, orc_0_dummy,
          gammafunk_ghost_grave, serial_park_tiny_1, minmay_circle_x
D:13:     layout_gridville, nicolae_trove_entry_diagonal, small_statue_alley_a
D:14:     layout_cave_pods, david_vaults_3
D:15:     hangedman_spin_cycle, uniq_jorgrun, uniq_rupert
Lair:1:   gammafunk_lair_enchanted_lake, layout_loops_ring,
          grunt_forest_small_clearing_treed
Lair:2:   hellmonk_ruined_rings, layout_loops_ring, minmay_swamp_entry_swarm,
          nicolae_lair_lindhole, uniq_urug
Lair:3:   layout_gridlike, st_stairs_4, lemuel_fruit_fields,
          infiniplex_staircase_pool, grunt_megastairs_4
Lair:4:   layout_roguey
Lair:5:   layout_misc_corridors, slime_altar_2, basic_altar
Lair:6:   hangedman_lair_in_review, layout_regular_city, lemuel_fruit_fields,
          serial_bayou_shore_a
Swamp:1:  layout_basic_swamp, gammafunk_ghost_mausoleum,
          evilmike_swamp_ruin_house_5, swamp_pool1
Swamp:2:  nzn_winding_woodlands_medium [nzn_winding_woodlands_5x5_open_star,
          nzn_winding_woodlands_5x15_sidewinder,
          nzn_winding_woodlands_hourglass, nzn_winding_woodlands_5x5_cross,
          nzn_winding_woodlands_center_triple_pond,
          nzn_winding_woodlands_5x5_default, nzn_winding_woodlands_5x5_default,
          nzn_winding_woodlands_5x15_river_crossing,
          nzn_winding_woodlands_5x5_default], layout_falls_marsh,
          nicolae_swamp_some_circles, uniq_frances
Swamp:3:  layout_falls_marsh, hangedman_swamp_diagram, swamp_pool4,
          hangedman_swamp_grove, uniq_nikola, uniq_kirke
Swamp:4:  byrel_swamp_growth_death_and_undeath, layout_basic_swamp
Orc:1:    layout_caves, enter_volcano_3, rock_pile
Orc:2:    st_orc_elflike, layout_caves, ebering_ghost_disaster_area

Notes
Turn   | Place    | Note
-------+----------+-------------------------------------------
     0 | D:1      | onemoretime the Djinni Conjurer began the quest for the
                  | Orb.
     0 | D:1      | Reached XP level 1. HP: 15/15 MP: 0/0
   177 | D:1      | Reached XP level 2. HP: 16/22 MP: 0/0
   472 | D:1      | Reached skill level 1 in Fighting
   819 | D:1      | Reached XP level 3. HP: 27/27 MP: 0/0
   819 | D:1      | Learned a level 1 spell: Sandblast
  1307 | D:2      | Identified the +8 spear of the Insatiable Beasts {vorpal,
                  | rPois Str+4}
  1696 | D:3      | Reached XP level 4. HP: 30/33 MP: 0/0
  1790 | D:3      | Reached skill level 4 in Spellcasting
  1845 | D:3      | Found a faded altar of an unknown god.
  1910 | D:3      | Reached skill level 2 in Fighting
  2018 | D:3      | Found a blossoming altar of Fedhas.
  2173 | D:3      | Reached XP level 5. HP: 33/39 MP: 0/0
  2173 | D:3      | Learned a level 2 spell: Call Imp
  2631 | D:3      | Found an ornate altar of the Wu Jian Council.
  2748 | D:3      | Found a faded altar of an unknown god.
  2752 | D:3      | Found a broken altar of Ashenzari.
  2874 | D:4      | Found a white marble altar of Elyvilon.
  2946 | D:4      | Found Niytwyus's Distillery.
  2963 | D:4      | Bought a potion of cancellation for 80 gold pieces
  3052 | D:4      | Noticed an orc warrior
  3072 | D:4      | Killed an orc warrior
  3073 | D:4      | Reached skill level 3 in Fighting
  3073 | D:4      | Reached skill level 5 in Spellcasting
  3073 | D:4      | Reached XP level 6. HP: 26/46 MP: 0/0
  3089 | D:4      | Noticed Grinder
  3089 | D:4      | Paralysed by Grinder for 3 turns
  3271 | D:4      | Killed Grinder
  3272 | D:4      | Reached skill level 4 in Fighting
  3272 | D:4      | Reached XP level 7. HP: 16/52 MP: 0/0
  3272 | D:4      | Learned a level 3 spell: Call Canine Familiar
  3602 | D:4      | Noticed a water moccasin
  3614 | D:4      | Killed a water moccasin
  3729 | D:4      | Found a snail-covered altar of Cheibriados.
  3891 | D:4      | Bought a potion of curing for 30 gold pieces
  3919 | D:5      | Entered Level 5 of the Dungeon
  3926 | D:5      | Reached skill level 6 in Spellcasting
  3926 | D:5      | Reached XP level 8. HP: 52/58 MP: 0/0
  3935 | D:5      | Noticed a wraith
  3956 | D:5      | Killed a wraith
  3970 | D:5      | Reached skill level 5 in Fighting
  4198 | D:5      | Noticed Duvessa
  4207 | D:5      | Killed Duvessa
  4209 | D:5      | Noticed Dowan
  4217 | D:5      | Killed Dowan
  4218 | D:5      | Reached skill level 7 in Spellcasting
  4676 | D:5      | Found a sparkling altar of Nemelex Xobeh.
  4744 | D:5      | Reached skill level 6 in Fighting
  4744 | D:5      | Reached XP level 9. HP: 56/66 MP: 0/0
  4744 | D:5      | Learned a level 3 spell: Spider Form
  5265 | D:5      | Found a runed translucent door.
  5266 | D:5      | Noticed Crazy Yiuf
  5518 | D:6      | Found a burning altar of Makhleb.
  5518 | D:6      | Noticed an Executioner
  5521 | D:6      | Noticed an orange demon
  5523 | D:6      | Became a worshipper of Makhleb the Destroyer
  5541 | D:6      | Found a glowing silver altar of Zin.
  5542 | D:6      | Noticed an angel
  5546 | D:6      | Found a shimmering altar of Xom.
  5564 | D:6      | Found a staircase to the Ecumenical Temple.
  5810 | D:6      | Reached skill level 8 in Spellcasting
  5853 | D:6      | Found a glowing golden altar of the Shining One.
  5893 | D:6      | Noticed a troll
  5902 | D:6      | Killed a troll
  5903 | D:6      | Reached skill level 1 in Armour
  6134 | D:6      | Identified the ring of Enaigur {rC- rCorr Dex+7}
  6135 | D:6      | Found a transporter.
  6136 | D:6      | Noticed an eight-headed hydra
  6138 | D:6      | Found an iron altar of Okawaru.
  6148 | D:6      | Found a transporter.
  6471 | D:7      | Reached skill level 1 in Polearms
  6471 | D:7      | Reached skill level 2 in Armour
  6505 | D:7      | Reached skill level 7 in Fighting
  6565 | D:7      | Reached XP level 10. HP: 38/75 MP: 0/0
  6601 | D:7      | Found a sand-covered staircase.
  6605 | Ossuary  | Entered an ossuary
  6756 | Ossuary  | Reached * piety under Makhleb
  7159 | Ossuary  | Reached skill level 2 in Polearms
  7223 | D:7      | Reached skill level 3 in Armour
  7471 | D:7      | Found a hazy altar of Hepliaklqana.
  7617 | D:8      | Reached skill level 9 in Spellcasting
  7725 | D:8      | Reached ** piety under Makhleb
  7887 | D:8      | Found a shadowy altar of Dithmenos.
  7893 | D:8      | Found a staircase to the Lair.
  8370 | D:9      | Found Depleaf's Jewellery Emporium.
  8383 | D:9      | Noticed a tengu warrior
  8384 | D:9      | Noticed 2bobheroes's ghost (journeyman GnWn)
  8385 | D:9      | Noticed a two-headed ogre
  8393 | D:9      | Found a transporter.
  8394 | D:9      | Found a bloodstained altar of Trog.
  8401 | D:9      | Found a transporter.
  8406 | D:9      | Noticed a two-headed ogre
  8489 | D:9      | Reached skill level 4 in Armour
  8643 | D:9      | Found Reteicudgh's Magic Scroll Shoppe.
  8665 | D:9      | Noticed a moth of wrath
  8733 | D:9      | Reached skill level 8 in Fighting
  9292 | D:9      | Reached skill level 1 in Invocations
  9292 | D:9      | Reached skill level 1 in Evocations
  9559 | D:10     | Entered Level 10 of the Dungeon
  9559 | D:10     | Noticed a two-headed ogre
  9571 | D:10     | Killed a two-headed ogre
  9671 | D:10     | Noticed a two-headed ogre
  9682 | D:10     | Killed a two-headed ogre
  9683 | D:10     | Reached skill level 2 in Invocations
  9683 | D:10     | Reached skill level 2 in Evocations
  9683 | D:10     | Reached XP level 11. HP: 72/82 MP: 0/0
  9683 | D:10     | Learned a level 4 spell: Anguish
 10046 | D:10     | Reached skill level 10 in Spellcasting
 10046 | D:10     | Reached skill level 3 in Invocations
 10046 | D:10     | Reached skill level 3 in Evocations
 10242 | D:10     | Found a transporter.
 10247 | D:10     | Noticed BeavisTheGrey's ghost (journeyman HOFi)
 10272 | D:10     | Found a transporter.
 10509 | D:10     | Found a sacrificial altar of Ru.
 10603 | Lair:1   | Entered Level 1 of the Lair of Beasts
 11069 | Lair:1   | Reached *** piety under Makhleb
 11223 | Lair:1   | Reached skill level 4 in Invocations
 11223 | Lair:1   | Reached skill level 4 in Evocations
 11586 | Lair:1   | Noticed a four-headed hydra
 11597 | Lair:1   | Killed a four-headed hydra
 11598 | Lair:1   | Reached skill level 9 in Fighting
 11598 | Lair:1   | Reached skill level 5 in Evocations
 12168 | Lair:1   | Noticed a lindwurm
 12168 | Lair:1   | Noticed a catoblepas
 12181 | Lair:1   | Noticed an elephant
 12190 | Lair:1   | Found a runed translucent door.
 12393 | D:9      | Bought an amulet of regeneration for 390 gold pieces
 12586 | Lair:1   | Reached XP level 12. HP: 89/89 MP: 0/0
 12603 | Lair:1   | Killed a catoblepas
 12604 | Lair:1   | Reached skill level 6 in Evocations
 12898 | Lair:2   | Reached skill level 3 in Dodging
 12943 | Lair:2   | Found a staircase to the Snake Pit.
 13062 | Lair:2   | Noticed a seven-headed hydra
 13073 | Lair:2   | Killed a seven-headed hydra
 13074 | Lair:2   | Reached skill level 11 in Spellcasting
 13105 | Lair:2   | Reached skill level 10 in Fighting
 13116 | Lair:2   | Reached skill level 5 in Armour
 13242 | Lair:2   | Reached skill level 4 in Dodging
 13384 | Lair:2   | Noticed Urug
 13393 | Lair:2   | Killed Urug
 13424 | Lair:2   | Found a staircase to the Swamp.
 13486 | Lair:2   | Reached skill level 5 in Dodging
 13912 | Lair:3   | Noticed a death yak
 13938 | Lair:3   | Killed a death yak
 13939 | Lair:3   | Reached skill level 6 in Armour
 13939 | Lair:3   | Reached XP level 13. HP: 94/97 MP: 0/0
 13939 | Lair:3   | Learned a level 5 spell: Yara's Violent Unravelling
 14062 | Lair:3   | Reached skill level 6 in Dodging
 14152 | Lair:3   | Reached skill level 11 in Fighting
 14244 | Lair:3   | Reached skill level 7 in Armour
 14631 | Lair:3   | Reached **** piety under Makhleb
 14998 | Lair:4   | Noticed a seven-headed hydra
 15012 | Lair:4   | Killed a seven-headed hydra
 15013 | Lair:4   | Reached skill level 7 in Dodging
 15475 | Lair:5   | Noticed a boulder beetle
 15486 | Lair:5   | Noticed an eight-headed hydra
 15652 | Lair:5   | Reached skill level 8 in Armour
 15656 | Lair:5   | Killed an eight-headed hydra
 15657 | Lair:5   | Reached skill level 12 in Spellcasting
 15657 | Lair:5   | Reached XP level 14. HP: 106/106 MP: 0/0
 15767 | Lair:5   | Found a runed translucent door.
 15767 | Lair:5   | Found a viscous altar of Jiyva.
 15773 | Lair:5   | Found a staircase to the Slime Pits.
 15788 | Lair:5   | Found a bloodstained altar of Trog.
 15806 | Lair:5   | Reached skill level 8 in Dodging
 15983 | Lair:5   | Reached skill level 12 in Fighting
 16137 | Lair:5   | Reached ***** piety under Makhleb
 16546 | Lair:6   | Entered Level 6 of the Lair of Beasts
 17047 | Lair:6   | Reached skill level 9 in Armour
 17048 | Lair:6   | Reached skill level 9 in Dodging
 17424 | Lair:6   | Noticed a dire elephant
 17447 | Lair:6   | Killed a dire elephant
 17534 | Lair:6   | Reached skill level 5 in Invocations
 18184 | D:11     | Noticed Josephine
 18196 | D:11     | Killed Josephine
 18471 | D:11     | Reached XP level 15. HP: 113/113 MP: 0/0
 18471 | D:11     | Learned a level 6 spell: Simulacrum
 18549 | D:11     | Noticed Erolcha
 18560 | D:11     | Killed Erolcha
 18570 | D:11     | Reached skill level 7 in Evocations
 18819 | D:11     | Reached skill level 13 in Spellcasting
 19158 | D:12     | Identified the +1 ring mail "Kaomiplu" {Int+3}
 19176 | D:12     | Found a runed translucent door.
 19177 | D:12     | Noticed Shukka's ghost (journeyman MiBe)
 19195 | D:12     | Killed Shukka's ghost
 19511 | D:12     | Reached skill level 13 in Fighting
 19580 | D:12     | Reached skill level 6 in Invocations
 19670 | D:12     | You are sucked into a shaft and drop 3 floors!
 19670 | D:15     | Entered Level 15 of the Dungeon
 19693 | D:15     | Identified a +2 robe of resistance
 19693 | D:15     | Noticed Jorgrun
 19711 | D:15     | Paralysed by a floating eye for 3 turns
 19766 | D:15     | Reached ****** piety under Makhleb
 19848 | D:15     | Found a transporter.
 19853 | D:15     | Noticed a stone giant
 19857 | D:15     | Noticed a fire giant
 19870 | D:15     | Killed a fire giant
 19870 | D:15     | Killed a stone giant
 19899 | D:15     | Killed Jorgrun
 19900 | D:15     | Reached skill level 8 in Evocations
 20074 | D:15     | Reached skill level 1 in Shields
 20125 | D:15     | Reached skill level 2 in Shields
 20169 | D:15     | Reached skill level 3 in Shields
 20169 | D:15     | Reached XP level 16. HP: 95/121 MP: 0/0
 20217 | D:15     | Paralysed by a floating eye for 2 turns
 20220 | D:15     | Identified a potion of resistance
 20230 | D:15     | Identified the ring of Pihiar {rPois rF+ rN+ Will- Int+6}
 20257 | D:15     | Reached skill level 4 in Shields
 20329 | D:15     | Identified the +12 hunting sling "Elorchi" {vorpal, rPois
                  | rF+++ rN+ Will-}
 20370 | D:15     | Found Haub's Armour Shop.
 20377 | D:15     | Reached skill level 5 in Shields
 20553 | D:15     | Identified the ring "Roinn" {rC+ rN+ Will+}
 20586 | D:15     | Found Pixzitykk's Armour Shop.
 20637 | D:15     | Found a staircase to the Depths.
 20649 | D:15     | Reached skill level 6 in Shields
 20723 | D:15     | Noticed Azrael
 20739 | D:15     | Killed Azrael
 20813 | D:15     | Reached skill level 7 in Invocations
 20871 | D:15     | Found Biked's Distillery.
 20879 | D:15     | Bought a potion of curing for 42 gold pieces
 20879 | D:15     | Bought a potion of heal wounds for 70 gold pieces
 20879 | D:15     | Bought a potion of curing for 42 gold pieces
 20879 | D:15     | Bought a potion of brilliance for 56 gold pieces
 20896 | D:15     | Identified the ring of Benevolence {rF+ Will+ rCorr Str-5}
 21162 | D:15     | Found a transporter.
 21448 | D:14     | Reached skill level 10 in Dodging
 21580 | D:14     | Found a gate to the Vaults.
 21582 | D:14     | Noticed Rupert
 21595 | D:14     | Killed Rupert
 21703 | D:14     | Reached skill level 10 in Armour
 21711 | D:14     | Reached skill level 14 in Spellcasting
 22604 | D:12     | Found a staircase to the Orcish Mines.
 23602 | D:13     | Reached skill level 7 in Shields
 23603 | D:13     | Reached XP level 17. HP: 128/128 MP: 0/0
 23603 | D:13     | Learned a level 6 spell: Eringya's Noxious Bog
 24093 | D:13     | Found a portal to a secret trove of treasure.
 24186 | Orc:1    | Entered Level 1 of the Orcish Mines
 24232 | Orc:1    | Found a dark tunnel.
 24245 | Volcano  | Entered a volcano
 24635 | Orc:2    | Entered Level 2 of the Orcish Mines
 24697 | Orc:1    | Identified a +2 robe of resistance
 24700 | Orc:1    | Paralysed by an orc sorcerer for 5 turns
 24941 | Orc:2    | Found a staircase to the Elven Halls.
 25369 | Orc:2    | Identified a +2 robe of resistance
 25371 | Orc:2    | Paralysed by an orc sorcerer for 5 turns
 25407 | Orc:2    | Found Jeusogel's Book Shop.
 25407 | Orc:2    | Found Koofeoro's Magic Scroll Shop.
 25408 | Orc:2    | Found Luoff's Book Shoppe.
 25408 | Orc:2    | Found Yded's Distillery.
 25469 | Orc:2    | Found a large runed translucent door.
 25470 | Orc:2    | Found a large runed translucent door.
 25479 | Orc:2    | Noticed Violens's ghost (journeyman MiBe)
 25899 | D:5      | Killed Crazy Yiuf
 25906 | D:5      | Identified the +8 mace "Lattih" {vorpal, *Slow rC++ MP+9
                  | Dex+2}
 26125 | D:9      | Killed 2bobheroes's ghost
 26126 | D:9      | Reached skill level 3 in Polearms
 26126 | D:9      | Reached skill level 9 in Evocations
 26233 | D:10     | Killed BeavisTheGrey's ghost
 26237 | D:10     | Identified the ring "Leudicom" {rN+ Int+6}
 26447 | Orc:2    | Killed Violens's ghost
 26517 | Orc:2    | Bought a potion of heal wounds for 65 gold pieces
 26517 | Orc:2    | Bought a potion of haste for 130 gold pieces
 26517 | Orc:2    | Bought a potion of curing for 39 gold pieces
 26517 | Orc:2    | Bought 2 potions of resistance for 260 gold pieces
 26517 | Orc:2    | Bought 2 potions of ambrosia for 208 gold pieces
 26517 | Orc:2    | Bought a potion of ambrosia for 104 gold pieces
 26517 | Orc:2    | Bought a potion of heal wounds for 65 gold pieces
 26517 | Orc:2    | Bought a potion of heal wounds for 65 gold pieces
 26767 | Swamp:1  | Entered Level 1 of the Swamp
 27027 | Swamp:1  | Reached skill level 8 in Invocations
 27045 | Swamp:1  | Reached skill level 14 in Fighting
 27074 | Swamp:1  | Found a transporter.
 27076 | Swamp:1  | Noticed snackwell's ghost (journeyman TrHu)
 27101 | Swamp:1  | Found a transporter.
 27433 | Swamp:2  | Noticed Frances
 27445 | Swamp:2  | Killed Frances
 27509 | Swamp:2  | Reached skill level 4 in Polearms
 27713 | Swamp:2  | Noticed a thorn hunter
 27722 | Swamp:2  | Killed a thorn hunter
 27934 | Swamp:2  | Noticed a tentacled monstrosity
 27944 | Swamp:2  | Noticed a tentacled monstrosity
 27990 | Swamp:2  | Noticed a thorn hunter
 27994 | Swamp:2  | Killed a thorn hunter
 27997 | Swamp:2  | Reached skill level 11 in Dodging
 28034 | Swamp:2  | Killed a tentacled monstrosity
 28079 | Swamp:2  | Killed a tentacled monstrosity
 28523 | Swamp:3  | Reached skill level 5 in Polearms
 28606 | Swamp:3  | Reached XP level 18. HP: 135/135 MP: 0/0
 28609 | Swamp:3  | Reached skill level 8 in Shields
 28650 | Swamp:3  | Noticed Nikola
 28680 | Swamp:3  | Killed Nikola
 28746 | Swamp:3  | Noticed Kirke
 28760 | Swamp:3  | Killed Kirke
 29438 | Swamp:4  | Entered Level 4 of the Swamp
 29449 | Swamp:4  | Reached skill level 11 in Armour
 29643 | Swamp:4  | Noticed a tentacled monstrosity
 29651 | Swamp:4  | Killed a tentacled monstrosity
 30191 | Swamp:4  | Reached skill level 6 in Polearms
 30407 | Swamp:4  | Reached skill level 15 in Spellcasting
 30495 | Swamp:4  | HP: 10/136 [27-headed hydra skeleton (4)]
 30495 | Swamp:4  | HP: 1/136 [27-headed hydra skeleton (9)]
 30495 | Swamp:4  | Slain by a 27-headed hydra skeleton

Vanquished Creatures
  Nikola (Swamp:3)
  Rupert (D:14)
  3 tentacled monstrosities
  Jorgrun (D:15)
  Frances (Swamp:2)
  Kirke (Swamp:3)
  3 thorn hunters
  A fire giant (D:15)
  Azrael (D:15)
  2 stone giants (D:15)
  2 vampire knights (Swamp:4)
  A dire elephant (Lair:6)
  2 bunyips (Swamp:4)
  An eleionoma (Swamp:3)
  The ghost of Violens the Severer, a journeyman MiBe of Trog (Orc:2)
  An ettin (D:15)
  2 fire dragons (D:15)
  3 shambling mangroves
  Josephine (D:11)
  The ghost of BeavisTheGrey the Basher, a journeyman HOFi of the Shining One (D:10)
  A vault guard (D:15)
  A great orb of eyes (D:15)
  An ice dragon (D:15)
  Erolcha (D:11)
  18 hydras
  The ghost of 2bobheroes the Tainter, a journeyman GnWn (D:9)
  3 catoblepae
  10 centaur warriors
  3 ghost crabs
  15 death yaks
  A death knight (D:15)
  7 two-headed ogres
  3 alligators
  A tengu warrior (D:9)
  A deep troll shaman (D:15)
  A spriggan berserker (Swamp:2)
  Urug (Lair:2)
  11 spriggans
  A hell knight (Volcano)
  5 skeletal warriors (D:15)
  4 goliath frogs
  8 swamp dragons
  3 spectral hydras (Swamp:4)
  2 orc knights
  4 spriggan druids
  3 bog bodies
  4 lindwurms
  5 deep elf pyromancers
  8 ugly things
  A moth of wrath (D:9)
  A manticore (Lair:6)
  2 will-o-the-wisps
  4 cyclopes
  5 elephants
  3 black mambas
  2 gargoyles
  2 cane toads
  An efreet (D:14)
  2 komodo dragons
  A rime drake (Lair:1)
  A freezing wraith (Swamp:4)
  2 kobold demonologists
  An unseen horror (D:12)
  A tengu conjurer (D:14)
  2 death drake zombies (Swamp:4)
  2 yaktaurs (D:15)
  3 hydra zombies (Swamp:4)
  A polar bear (shapeshifter) (D:15)
  6 trolls
  A bloated husk (Swamp:1)
  A hydra skeleton (Swamp:4)
  10 blink frogs
  11 slime creatures
  4 tyrant leeches (Swamp:2)
  Grinder (D:4)
  6 dream sheep
  17 hornets
  A raiju (shapeshifter) (D:15)
  A shadow (D:13)
  3 wyverns
  9 wraiths
  25 yaks
  10 humans (D:14)
  4 hogs (Swamp:3)
  6 basilisks
  6 fire elementals (D:15)
  A neqoxec (D:10)
  2 steam dragons
  5 vampire mosquitoes
  4 swamp worms
  A warg (Orc:2)
  4 acid dragons
  A hydra simulacrum (Swamp:4)
  4 hell hounds
  11 water moccasins
  Duvessa (D:5)
  A hornet zombie (D:7)
  2 ice beasts
  2 floating eyes (D:15)
  A swamp drake (Swamp:4)
  12 orc warriors
  A swamp dragon zombie (Swamp:4)
  A black bear (D:7)
  2 necrophages (D:5)
  3 ogres
  A tengu (shapeshifter) (D:15)
  13 wolves
  9 centaurs
  3 kobold brigands
  13 bullfrogs
  A wyvern zombie (D:9)
  A scorpion (D:4)
  A gnoll sergeant (D:5)
  Dowan (D:5)
  6 water moccasin zombies (Ossuary)
  6 wights
  A howler monkey (D:9)
  A jelly (D:6)
  2 electric eels
  2 quasits (D:10)
  2 orc priests
  2 hounds
  14 orc wizards
  A killer bee zombie (D:6)
  2 mummies (Ossuary)
  5 gnolls (D:5)
  3 adders
  2 shadow imps
  A white imp (D:7)
  An ufetubus (D:6)
  5 adder zombies (Ossuary)
  A worm (D:2)
  A dart slug (D:1)
  42 orcs
  3 bats
  8 endoplasms
  A giant cockroach (D:1)
  6 gnoll zombies (Ossuary)
  4 goblins
  4 hobgoblins
  12 jackals
  3 quokkas
  4 ball pythons
  3 frilled lizards
  4 hobgoblin zombies (Ossuary)
  19 kobolds
  A kobold zombie (Ossuary)
  5 orc zombies (Ossuary)
  5 rats
  19 briar patches
  A butterfly (Lair:4)
620 creatures vanquished.

Vanquished Creatures (collateral kills)
  A thorn hunter (Swamp:2)
  2 fenstrider witches
  An eleionoma (Swamp:2)
  A great orb of eyes (D:15)
  A hydra (Swamp:2)
  2 vault guards (D:15)
  2 death knights (D:15)
  2 centaur warriors
  A death yak (shapeshifter) (D:15)
  A death yak (Lair:4)
  A tengu warrior (D:14)
  2 skeletal warriors (D:15)
  A death drake (Swamp:1)
  A swamp dragon (Swamp:4)
  A goliath frog (Swamp:2)
  A lindwurm (Lair:2)
  A spectral hydra (Swamp:4)
  A necromancer (D:15)
  2 bog bodies (Swamp:1)
  An orc knight (D:14)
  A deep elf pyromancer (D:15)
  4 ugly things
  3 manticores
  3 elephants (Lair:5)
  A gargoyle (D:14)
  4 cane toads
  3 komodo dragons
  A yaktaur (D:15)
  A hydra zombie (Swamp:4)
  A tengu conjurer (D:15)
  3 tyrant leeches (Swamp:1)
  A death drake skeleton (Swamp:4)
  A slime creature (D:15)
  6 blink frogs
  2 hydra skeletons (Swamp:4)
  2 centaur simulacra
  A wyvern (Lair:3)
  A basilisk (D:13)
  A steam dragon (D:8)
  6 humans (D:14)
  8 yaks
  A hydra simulacrum (Swamp:4)
  2 vampire mosquitoes
  3 swamp worms
  6 water moccasins
  A swamp dragon zombie (Swamp:4)
  3 swamp drakes (Swamp:4)
  A wolf (Lair:4)
  2 centaurs
  2 kobold brigands
  4 bullfrogs
  2 wights (D:8)
  A howler monkey (D:9)
  2 jellies (Lair:5)
  Crazy Yiuf (D:5)
  5 orc wizards
  2 orcs
118 creatures vanquished.

Vanquished Creatures (others)
  The ghost of Shukka the Fighter, a journeyman MiBe of Trog (D:12)
  4 eleionomae
  2 bunyips (Swamp:4)
  6 boulder beetles
  A vault guard (D:15)
  2 hydras (Swamp:1)
  A centaur warrior (D:15)
  6 alligators
  3 orc high priests (Orc:2)
  3 goliath frogs
  2 spriggan druids
  A swamp dragon (Swamp:2)
  A bog body (Swamp:2)
  4 orc knights
  A lindwurm (Lair:2)
  A deep elf zephyrmancer (D:15)
  5 orc sorcerers
  An elephant (shapeshifter) (D:15)
  A gargoyle (D:12)
  A cane toad (Lair:6)
  2 yaktaurs (D:15)
  2 komodo dragons
  An efreet (D:15)
  A freezing wraith (D:15)
  3 bloated husks
  7 tyrant leeches
  A slime creature (D:15)
  6 blink frogs
  4 spriggans
  3 yaks
  A vampire mosquito (D:11)
  A warg (Orc:1)
  7 swamp worms
  A black bear (D:6)
  11 orc warriors
  A swamp drake (Swamp:3)
  3 ogres (Orc:1)
  2 centaurs (Volcano)
  A kobold brigand (D:6)
  A bullfrog (D:6)
  7 orc priests
  8 orc wizards
  23 orcs
  3 briar patches
  6 foxfires (Swamp:3)
  403 fulminant prisms
  62 fungi
  63 plants
  11 toadstools (Lair:1)
692 creatures vanquished.

Grand Total: 1430 creatures vanquished

Table legend: (Time is in decaauts)
 A = Elapsed time spent in this place.
 B = Non-inter-level travel time spent in this place.
 C = Inter-level travel time spent in this place.
 D = Time resting spent in this place.
 E = Time spent auto-exploring this place.
 F = Levels seen in this place.
 G = Mean time per level.
                   A        B        C        D        E       F      G
               +--------+--------+--------+--------+--------+-----+--------+
         Total |  30688 |  28146 |   2542 |   4727 |  13638 |  29 | 1058.2 |
       Dungeon |  17782 |  15935 |   1847 |   2693 |   8806 |  15 | 1185.5 |
          Lair |   6730 |   6304 |    426 |    954 |   3006 |   6 | 1121.7 |
         Swamp |   3795 |   3711 |     84 |    631 |   1014 |   4 |  948.8 |
  Orcish Mines |   1545 |   1362 |    183 |      0 |    754 |   2 |  772.5 |
       Ossuary |    607 |    607 |      0 |    449 |      0 |   1 |  607.0 |
       Volcano |    227 |    227 |      0 |      0 |     58 |   1 |  227.0 |
               +--------+--------+--------+--------+--------+-----+--------+

Top non-repeatable levels by time:
    D:15: 1746 daAuts
  Lair:1: 1639 daAuts
     D:9: 1597 daAuts
    D:12: 1425 daAuts
     D:3: 1367 daAuts
     D:4: 1280 daAuts
     D:5: 1257 daAuts
 Swamp:2: 1234 daAuts
  Lair:6: 1233 daAuts
    D:11: 1231 daAuts
     D:6: 1135 daAuts
    D:10: 1127 daAuts
  Lair:2: 1116 daAuts
     D:8: 1114 daAuts
    D:14: 1099 daAuts

Table legend:
 A = Non-vault XP
 B = Vault XP
 C = Vault XP percentage of total XP
 D = Non-vault monster count
 E = Vault monster count
 F = Vault count percentage of total count
                 A         B        C        D         E       F
            +---------+---------+-------+---------+---------+-------
      Total |  114184 |  128586 |  53.0 |     489 |     295 |  37.6
            +---------+---------+-------+---------+---------+-------
        D:1 |      32 |       0 |   0.0 |      18 |       0 |   0.0
        D:2 |      22 |       0 |   0.0 |      11 |       0 |   0.0
        D:3 |     134 |       0 |   0.0 |      28 |       0 |   0.0
        D:4 |     456 |     267 |  36.9 |      15 |       1 |   6.2
        D:5 |    1075 |     256 |  19.2 |      20 |       3 |  13.0
        D:6 |     940 |     216 |  18.7 |      12 |       3 |  20.0
        D:7 |    1420 |       0 |   0.0 |      18 |       0 |   0.0
        D:8 |    1319 |       0 |   0.0 |      16 |       0 |   0.0
        D:9 |    1046 |    4145 |  79.8 |      21 |       7 |  25.0
       D:10 |    2649 |    1163 |  30.5 |       9 |       5 |  35.7
       D:11 |    5044 |    2378 |  32.0 |      26 |       5 |  16.1
       D:12 |    4512 |    4681 |  50.9 |      14 |      11 |  44.0
       D:13 |    6660 |       0 |   0.0 |      21 |       0 |   0.0
       D:14 |    9876 |    6715 |  40.5 |      23 |      20 |  46.5
       D:15 |       0 |   47243 | 100.0 |       0 |      81 | 100.0
     Lair:1 |    4676 |    3023 |  39.3 |      19 |       9 |  32.1
     Lair:2 |    4990 |    3300 |  39.8 |      23 |       7 |  23.3
     Lair:3 |    5303 |    5196 |  49.5 |      21 |       8 |  27.6
     Lair:4 |    7133 |       0 |   0.0 |      18 |       0 |   0.0
     Lair:5 |   11656 |      88 |   0.7 |      35 |       3 |   7.9
     Lair:6 |    2529 |   10740 |  80.9 |       7 |      21 |  75.0
    Swamp:1 |   11679 |       0 |   0.0 |      28 |       0 |   0.0
    Swamp:2 |   12705 |   12002 |  48.6 |      32 |      14 |  30.4
    Swamp:3 |    8364 |    5873 |  41.3 |      21 |      11 |  34.4
    Swamp:4 |    9070 |   15829 |  63.6 |      19 |      34 |  64.2
      Orc:1 |     495 |     717 |  59.2 |       8 |       5 |  38.5
      Orc:2 |     399 |    2246 |  84.9 |       6 |      11 |  64.7
    Ossuary |       0 |     567 | 100.0 |       0 |      29 | 100.0
    Volcano |       0 |    1941 | 100.0 |       0 |       7 | 100.0
            +---------+---------+-------+---------+---------+-------
